 Dungeon Crawl Stone Soup version 0.31-a0-986-g5e6e4ef867 (webtiles) character file.

Game seed: 4375473427115142332

438 mandarbmax the Cudgeller (level 7, -2/72 HPs)
             Began as an Ogre Monk on Nov 17, 2023.
             Slain by an iguana (12 damage)
             ... on level 4 of the Dungeon.
             The game lasted 00:08:21 (4820 turns).

mandarbmax the Cudgeller (Ogre Monk)                Turns: 4820, Time: 00:08:21

Health: -2/72      AC:  4    Str: 18    XL:     7   Next: 1%
Magic:  7/7        EV: 10    Int: 11    God:
Gold:   300        SH:  0    Dex: 11    Spells: 6/6 levels left

rFire   . . .        a - +0 mace
rCold   . . .        d - orb {light}
rNeg    . . .        b - +0 robe
rPois   .            (helmet restricted)
rElec   .            h - +0 cloak
rCorr   .            (gloves unavailable)
SInv    .            (boots unavailable)
Will    .....        (no amulet)
Stlth   +            (no ring)
HPRegen 0.32/turn    (no ring)
MPRegen 0.10/turn

%: no passive effects
@: glowing
A: large, unfitting armour, tough skin 1
a: no special abilities


You were on level 4 of the Dungeon.
You visited 1 branch of the dungeon, and saw 4 of its levels.

You collected 300 gold pieces.

Inventory:

Hand Weapons
 a - a +0 mace (weapon)
Missiles
 c - 8 poisoned darts
 j - 2 large rocks (quivered)
Armour
 b - a +0 robe (worn)
 d - an orb of light (worn)
 h - a +0 cloak (worn)
Scrolls
 e - a scroll of silence
Potions
 f - a potion of mutation


   Skills:
 + Level 5.2 Fighting
 - Level 6.0 Maces & Flails
 * Level 2.3 Throwing
 - Level 3.0 Dodging


You had 6 spell levels left.
You didn't know any spells.
Your spell library contained the following spells:

 Spells                   Type           Power      Damage    Failure   Level
 Apportation              Tloc           0%         N/A       34%         1
 Slow                     Hex            0%         N/A       34%         1
 Jinxbite                 Hex            0%         N/A       47%         2
 Poisonous Vapours        Pois/Air       0%         N/A       47%         2
 Confusing Touch          Hex            0%         N/A       71%         3
 Dazzling Flash           Conj/Hex       0%         N/A       71%         3
 Inner Flame              Hex/Fire       0%         N/A       71%         3
 Mephitic Cloud           Conj/Pois/Air  0%         N/A       71%         3
 Sigil of Binding         Hex            0%         N/A       71%         3
 Vampiric Draining        Necr           0%         2d6       71%         3
 Volatile Blastmotes      Fire/Tloc      0%         2d10      71%         3
 Flame Wave               Conj/Fire      0%         2d4       98%         4
 Sticky Flame             Conj/Fire      0%         2d3       98%         4
 Alistair's Intoxication  Tmut/Pois      0%         N/A       100%        5
 Freezing Cloud           Conj/Ice/Air   0%         6-21      100%        5
 Starburst                Conj/Fire      0%         6d3       100%        6
 Maxwell's Capacitive Co  Air            0%         ∞         100%        8


Dungeon Overview and Level Annotations

Branches:
Dungeon (4/15)
 Temple: D:4-7

Altars:
Xom

Shops:
D:2 [

Annotations:
D:2 1 runed translucent door, Crazy Yiuf


Innate Abilities, Weirdness & Mutations

You are too large for most types of armour.
You have tough skin. (AC +1)


Message History

You barely miss the iguana. The iguana bites you!
A hobgoblin comes into view.
The iguana bites you!
You hit the iguana.
The iguana is lightly wounded.
The iguana misses you.
You barely miss the iguana.
The iguana is lightly wounded.
The iguana misses you.
You hit the iguana but do no damage.
The iguana is lightly wounded.
The iguana misses you.
You hit the iguana but do no damage.
The iguana is lightly wounded.
The kobold barely misses you. The iguana bites you.
You hit the iguana but do no damage.
The iguana is lightly wounded.
The kobold hits you but does no damage.
A goblin comes into view. It is wielding a +0 club.
The iguana bites you!
There are monsters nearby!
You see here a quokka corpse.
The iguana attacks as it pursues you! The iguana bites you.
The iguana attacks as it pursues you! The iguana bites you!
* * * LOW HITPOINT WARNING * * *
The iguana attacks as it pursues you! The iguana closely misses you.
You hit the iguana but do no damage.
The iguana is lightly wounded.
The iguana bites you.
* * * LOW HITPOINT WARNING * * *
You hit the iguana.
The iguana is heavily wounded.
The iguana bites you!
* * * LOW HITPOINT WARNING * * *
Okay, then.
Okay, then.
You hit the iguana.
The iguana is severely wounded.
The iguana bites you!
You die...

#....##
#.†...###
###.....#
#†#.#.#
#.#.# # #K#
. #g# #. #l#
## #@# #.#
#.# #.# #.#
#.#
#.##########
#..........#
##########.#


You could see an iguana, a hobgoblin and a kobold.

Vanquished Creatures
  A kobold brigand (D:3)
  Jessica (D:2)
  Natasha (thrice) (D:2)
  Terence (D:2)
  12 gnolls
  3 adders
  4 endoplasms
  2 giant cockroaches (D:3)
  6 goblins
  6 hobgoblins
  4 jackals
  41 kobolds
  6 quokkas
  5 ball pythons
  4 bats
  6 rats
105 creatures vanquished.

Notes
Turn   | Place    | Note
-------+----------+-------------------------------------------
     0 | D:1      | mandarbmax the Ogre Monk began the quest for the Orb.
     0 | D:1      | Reached XP level 1. HP: 24/24 MP: 1/1
     3 | D:1      | Noticed an electric eel
     4 | D:1      | Noticed an electric eel
   408 | D:1      | Reached skill level 3 in Maces & Flails
   408 | D:1      | Reached XP level 2. HP: 17/32 MP: 2/2
  1057 | D:2      | Reached XP level 3. HP: 27/39 MP: 3/3
  1217 | D:2      | Noticed a black bear
  1286 | D:2      | Noticed Terence
  1298 | D:2      | Killed Terence
  1299 | D:2      | Reached skill level 4 in Maces & Flails
  1299 | D:2      | Reached XP level 4. HP: 46/48 MP: 4/4
  1458 | D:2      | Found Lishreace's Armour Shop.
  1505 | D:2      | Found a runed translucent door.
  1506 | D:2      | Noticed Crazy Yiuf
  1596 | D:2      | Found a faded altar of an unknown god.
  1599 | D:2      | Noticed Natasha
  1606 | D:2      | Killed Natasha
  1690 | D:2      | Noticed Natasha
  1699 | D:2      | Killed Natasha
  1700 | D:2      | Reached XP level 5. HP: 18/54 MP: 5/5
  1864 | D:2      | Noticed Jessica
  1869 | D:2      | Killed Jessica
  1870 | D:2      | Reached skill level 5 in Maces & Flails
  2151 | D:3      | Found a shimmering altar of Xom.
  2845 | D:3      | Noticed a kobold brigand
  2848 | D:3      | Reached XP level 6. HP: 55/62 MP: 6/6
  3239 | D:3      | Reached skill level 1 in Throwing
  4020 | D:2      | Noticed Natasha
  4025 | D:2      | Killed Natasha
  4026 | D:2      | Reached skill level 5 in Fighting
  4197 | D:3      | Reached skill level 6 in Maces & Flails
  4381 | D:3      | Reached XP level 7. HP: 38/72 MP: 7/7
  4820 | D:4      | Slain by an iguana

Illustrated notes

Levels and vault maps discovered:
D:1:      arrival_aquarium_b, layout_basic
D:2:      layout_basic, hellmonk_ecumenical_altar_arch_garden, serial_shops,
          nicolae_shop_real_fake_doors, chequers_big_river, uniq_jessica,
          uniq_terence, uniq_natasha, uniq_crazy_yiuf_cottage
D:3:      minmay_goblin_kobold_castle, layout_basic,
          mainiacjoe_overflow_small_starburst
D:4:      layout_basic, general_overflow_altar

Skill      XL: |  1  2  3  4  5  6 |
---------------+-------------------+-----
Maces & Flails | 3 4 5 6 |  6.0
Dodging        | 3 |  3.0
Throwing       | 2 |  2.3
Fighting       | 5 |  5.2

Action                     |  1- 3 |  4- 6 |  7- 9 || total
---------------------------+-------+-------+-------++-------
  Melee: Mace              |    69 |   218 |    21 ||   308
  Throw: Large rock        |       |    12 |       ||    12
    Use: Scroll            |     1 |     6 |       ||     7
         Potion            |     1 |       |       ||     1
 Armour: Robe              |    54 |   205 |    14 ||   273
  Dodge: Dodged            |    29 |   127 |    11 ||   167

Table legend: (Time is in decaauts)
 A = Elapsed time spent in this place.
 B = Non-inter-level travel time spent in this place.
 C = Inter-level travel time spent in this place.
 D = Time resting spent in this place.
 E = Time spent auto-exploring this place.
 F = Levels seen in this place.
 G = Mean time per level.
                   A        B        C        D        E       F      G
               +--------+--------+--------+--------+--------+-----+--------+
         Total |   4892 |   4753 |    139 |    587 |   3268 |   4 | 1223.0 |
       Dungeon |   4892 |   4753 |    139 |    587 |   3268 |   4 | 1223.0 |
               +--------+--------+--------+--------+--------+-----+--------+

Top non-repeatable levels by time:
     D:3: 2516 daAuts
     D:2: 1262 daAuts
     D:1: 1046 daAuts
     D:4: 67 daAuts
